 Dungeon Crawl Stone Soup version 0.22.1-1-ga44c0e56f4 (webtiles) character file.

15 LLavrengius the Sneak (level 2, 0/13 HPs)
             Began as a Spriggan Enchanter on Oct 18, 2018.
             Slain by a kobold
             ... wielding a +0 short sword
              (6 damage)
             ... on level 1 of the Dungeon.
             The game lasted 00:02:07 (866 turns).

LLavrengius the Sneak (Spriggan Enchanter)           Turns: 866, Time: 00:02:08

Health: 0/13       AC:  2    Str:  4    XL:     2   Next: 34%
Magic:  4/6        EV: 18    Int: 16    God:
Gold:   11         SH:  0    Dex: 16    Spells: 5/6 levels left

rFire    . . .     SeeInvis +   a - +1 dagger
rCold    . . .     Gourm    .   (shield restricted)
rNeg     . . .     Faith    .   b - +0 robe
rPois    .         Spirit   .   (helmet restricted)
rElec    .         Reflect  .   (no cloak)
rCorr    .         Harm     .   (gloves unavailable)
MR       .....                  (boots unavailable)
Stlth    +++.......             (no amulet)
HPRegen  0.04/turn              (no ring)
MPRegen  0.10/turn              (no ring)

@: very quick
A: very small, unfitting armour, see invisible, herbivore, speed 3, slow
metabolism 2
a: no special abilities


You were on level 1 of the Dungeon.
You were not hungry.

You visited 1 branch of the dungeon, and saw 1 of its levels.

You collected 11 gold pieces.

Inventory:

Hand Weapons
 a - a +1 dagger (weapon)
Missiles
 g - 23 sling bullets
Armour
 b - a +0 robe (worn)
Scrolls
 c - a scroll of blinking {unknown}
 f - a scroll of identify {unknown}
Potions
 e - a potion of haste {unknown}
 h - a potion of resistance {unknown}
 i - a potion of curing {unknown}
 j - a potion of berserk rage {unknown}
 k - a potion of mutation {unknown}
Comestibles
 d - a ration


   Skills:
 * Level 1.4 Short Blades
 - Level 3.0 Dodging
 + Level 4.7 Stealth
 - Level 2.6 Spellcasting
 * Level 4.3 Hexes


You had 5 spell levels left.
You knew the following spells:

 Your Spells              Type           Power        Failure   Level  Hunger
a - Corona                Hex            ###....      3%          1    #......

Your spell library contained the following spells:

 Spells                   Type           Power        Failure   Level  Hunger
 Confuse                  Hex            ###.....     10%         3    ###....
 Tukima's Dance           Hex            ###.....     10%         3    ###....
 Ensorcelled Hibernation  Hex/Ice        #.....       12%         2    ##.....
 Dazzling Spray           Conj/Hex       #.....       24%         3    ###....


Dungeon Overview and Level Annotations

Branches:
Dungeon (1/15)

Altars:


Innate Abilities, Weirdness & Mutations

You are very small and have problems with some larger weapons.
You are too small for most types of armour.
You have supernaturally acute eyesight. (SInv)
You are a herbivore.
You cover ground extremely quickly.
You need to consume almost no food.


Message History

The kobold barely resists.
Casting: Corona (safe; 3% risk of failure)
Confirm with . or Enter, or press ? or * to list all spells.
Aiming: Corona (safe; 3% risk of failure)
Press: ? - help, Shift-Dir - straight line, f/p - kobold
Aim: a kobold, wielding a short sword (chance to defeat MR: 69%)
The kobold is outlined in light.
You hit the kobold.
The kobold is moderately wounded.
The kobold barely misses you.
You hit the kobold but do no damage.
The kobold is moderately wounded.
The kobold hits you with a short sword.
You hit the kobold but do no damage.
The kobold is moderately wounded.
The kobold misses you.
You barely miss the kobold.
The kobold is moderately wounded.
The kobold hits you with a short sword.
You die...

# # # # # # # #
############# #
#...@K......# #
#########.#########.# ###
#.......#.# # ..#
#.......#.#
..###.......#.#
............#.#
..###.......#.####
..........).#....#
#####.#'########.######.#


You could see a kobold.

Vanquished Creatures
  2 leopard geckos (D:1)
  2 goblins (D:1)
  A hobgoblin (D:1)
  3 bats (D:1)
  2 kobolds (D:1)
  4 rats (D:1)
14 creatures vanquished.

Notes
Turn   | Place    | Note
-------+----------+-------------------------------------------
     0 | D:1      | LLavrengius the Spriggan Enchanter began the quest for the
                  | Orb.
     0 | D:1      | Reached XP level 1. HP: 9/9 MP: 5/5
   366 | D:1      | Reached XP level 2. HP: 13/13 MP: 6/6
   866 | D:1      | Slain by a kobold

Skill      XL: |  1 |
---------------+----+-----
Hexes          | 4 |  4.3
Short Blades   | |  1.4
Dodging        | |  3.0
Stealth        | |  4.7
Spellcasting   | |  2.6

Action                   || total
-------------------------++-------
Melee: Dagger            ||    66
 Cast: Corona            ||     5
 Stab: Sleeping          ||     4
Dodge: Dodged            ||    41
